 Dungeon Crawl Stone Soup version 0.19-a0-1686-g35356ef (webtiles) character file.

35830 Flanowski the Martial Artist (level 13, -2/80 HPs)
             Began as a Vine Stalker Transmuter on Sept 25, 2016.
             Was a High Priest of Ashenzari.
             Slain by a komodo dragon (20 damage)
             ... on level 6 of the Lair of Beasts.
             The game lasted 01:03:37 (17421 turns).

Flanowski the Martial Artist (VSTm)                Turns: 17421, Time: 01:03:38

Health: -2/80      AC:  8    Str: 16    XL:     13   Next: 86%
Magic:  0/27       EV: 16    Int: 13    God:    Ashenzari [*****.]
Gold:   361        SH:  0    Dex: 17    Spells: 5 memorised, 16 levels left

rFire  . . .     SeeInvis +       - Unarmed
rCold  + + +     Gourm    .     (armour currently unavailable)
rNeg   . . .     Faith    .     (shield currently unavailable)
rPois  +         Spirit   +     (helmet currently unavailable)
rElec  .         Dismiss  .     (cloak currently unavailable)
rCorr  .         Reflect  .     (gloves currently unavailable)
MR     +....     Harm     .     (boots currently unavailable)
Stlth  ++........ Clarity  +    e - amulet of magic regeneration (curse)
                                n - ring of protection from fire (curse)
                                v - ring of poison resistance (curse)

@: ice-form
A: (fangs 0), regeneration 2, magic shield, (antimagic bite), no device heal 3,
rot immunity
a: End Transformation, Curse Item, Scrying, Transfer Knowledge, Renounce
Religion


You were on level 6 of the Lair of Beasts.
You worshipped Ashenzari.
Ashenzari was extremely pleased with you.
You were hungry.
You were a creature of crystalline ice.
You visited 3 branches of the dungeon, and saw 21 of its levels.

You collected 1193 gold pieces.
You spent 832 gold pieces at shops.

Inventory:

Missiles
 a - 271 arrows (quivered)
Armour
 b - a cursed +0 robe (melded)
 z - a cursed +1 helmet (melded)
 C - a cursed +0 pair of gloves (melded)
 O - a cursed +0 cloak (melded)
 R - a cursed +0 pair of boots (melded)
Magical Staves
 o - a cursed staff of wizardry (melded)
Jewellery
 e - a cursed amulet of magic regeneration (around neck)
 n - a cursed ring of protection from fire (right front paw)
 v - a cursed ring of poison resistance (left front paw)
Wands
 j - a wand of acid (9/15)
 B - a wand of paralysis (11/24)
 K - a wand of acid (8/15)
 W - a wand of lightning (7/15)
 Z - a wand of iceblast (7/15)
Scrolls
 q - 2 scrolls of recharging
 t - 2 scrolls of fog
 w - 3 scrolls of remove curse
 y - 4 scrolls of identify
 I - 3 scrolls of amnesia
 Q - 3 scrolls of magic mapping
Potions
 g - a potion of might {unknown}
 h - a potion of cancellation
 i - 5 potions of agility
 m - a potion of heal wounds {unknown}
 r - 5 potions of curing
 s - a potion of berserk rage
 u - 3 potions of flight
 A - a potion of magic {unknown}
 E - 2 potions of lignification {unknown}
 G - 3 potions of mutation {unknown}
 L - 3 potions of ambrosia {unknown}
 V - a potion of cure mutation {unknown}
 X - a potion of beneficial mutation {unknown}
 Y - 2 potions of brilliance {unknown}
Books
 c - a book of Changes

   Spells                             Type                      Level
   a - Beastly Appendage              Transmutation                1
   b - Sticks to Snakes               Transmutation                2
   c - Spider Form                    Transmutation/Poison         3
   d - Ice Form                       Ice/Transmutation            4
   e - Blade Hands                    Transmutation                5
 D - a book of the Warp

   Spells                             Type                      Level
   a - Gell's Gravitas                Hexes/Translocation          3
   b - Force Lance                    Conjuration/Translocation    4
   c - Summon Forest                  Summoning/Translocation      5
   d - Dispersal                      Translocation                6
   e - Controlled Blink               Translocation                8
   f - Disjunction                    Translocation                8
 J - a book of Spatial Translocations

   Spells                             Type                      Level
   a - Apportation                    Translocation                1
   b - Blink                          Translocation                2
   c - Shroud of Golubria             Charms/Translocation         2
   d - Portal Projectile              Translocation                3
   e - Teleport Other                 Translocation                3
   f - Passage of Golubria            Translocation                4
 N - a book of Unlife

   Spells                             Type                      Level
   a - Recall                         Summoning/Translocation      3
   b - Animate Dead                   Necromancy                   4
   c - Control Undead                 Necromancy                   4
   d - Cigotuvi's Embrace             Necromancy                   5
   e - Death Channel                  Necromancy                   6
   f - Simulacrum                     Ice/Necromancy               6
 U - a Fen Folio

   Spells                             Type                      Level
   a - Corpse Rot                     Necromancy                   2
   b - Stone Arrow                    Conjuration/Earth            3
   c - Leda's Liquefaction            Hexes/Earth                  4
   d - Summon Forest                  Summoning/Translocation      5
   e - Hydra Form                     Transmutation                6
   f - Summon Hydra                   Summoning                    7
Comestibles
 d - 8 bread rations
 f - 20 chunks of flesh
 l - 8 beef jerkies
 p - 13 meat rations
 x - 4 royal jellies
 F - 11 fruits
 H - 3 slices of pizza


   Skills:
 * Level 7.4 Fighting
 * Level 3.9 Armour
 + Level 5.0(9.0) Dodging
 * Level 13.9 Unarmed Combat
 + Level 9.5(13.3) Spellcasting
 + Level 12.3(15.9) Transmutations
 - Level 0.4(1.9) Ice Magic
 + Level 0.4(1.9) Poison Magic


You had 16 spell levels left.
You knew the following spells:

 Your Spells              Type           Power        Failure   Level  Hunger
a - Beastly Appendage     Tmut           ######       0%          1    None
b - Sticks to Snakes      Tmut           ######..     1%          2    None
c - Spider Form           Tmut/Pois      ####......   1%          3    None
d - Blade Hands           Tmut           ######....   1%          5    #####..
f - Ice Form              Ice/Tmut       ####....     1%          4    ###....


Dungeon Overview and Level Annotations

Branches:
Dungeon (14/15)            Temple (1/1) D:4            Lair (6/6) D:10
  Swamp (0/4) Lair:3          Orc (0/2) D:11         Vaults (0/5) D:14
  Snake: Lair:2-4    Spider: Lair:2-4     Slime: Lair:5-6

Altars:
Ashenzari
Cheibriados
Dithmenos
Elyvilon
Fedhas
Gozag
Hepliaklqana
Kikubaaqudgha
Makhleb
Nemelex Xobeh
Okawaru
Qazlal
Ru
Sif Muna
Trog
Uskayaw
Vehumet
Xom
Yredelemnul
Zin
The Shining One

Shops:
D:4 (   D:11 (   D:12 ?

Portals:
Ice
Cave: Lair:5

Annotations:
D:14 xsansara's ghost, journeyman MiFi
Lair:3 exclusion: oklob plant


Innate Abilities, Weirdness & Mutations

((You have razor-sharp teeth.))
You heal very quickly.
When hurt, damage is shared between your health and your magic reserves.
((Your bite disrupts and absorbs the magic of your enemies.))
Potions and wands cannot restore your health.
You are immune to rotting.


Message History

A komodo dragon comes into view.
Found a potion of curing.
The komodo dragon hisses angrily.
The water moccasin bites you but does no damage.
The water moccasin misses you. The komodo dragon closely misses you.
A komodo dragon comes into view.
The komodo dragon hisses angrily.
The water moccasin bites you but does no damage.
The komodo dragon barely misses you. The water moccasin barely misses you.
The komodo dragon bites you!!
* * * LOW HITPOINT WARNING * * *
The komodo dragon barely misses you.
A crocodile comes into view.
The water moccasin misses you.
You pummel the komodo dragon!!
The komodo dragon seems to slow down.
You freeze the komodo dragon!
The komodo dragon is severely wounded.
The komodo dragon bites you!!
You die...

* * , * , *
,***, ,,** .P *
,, ##.#* ## ,, ,
, ##..###.# * ,
,,,*P...
.#P..#..# ,,,
....# .t.....#
,,, ,,,
.....*#......#
,,**,,
.....##......# ,
,,........YS...#
*
,........#l...##
* ,
.....###.lS#.#
,, *
,.....###...#*#
, , ,
.......#!D## ,
,, .<........# *
#..(.P.H..# **
,P.......r## , ,
.....Pr..##


You could see a six-headed hydra, 2 komodo dragons, a hippogriff, 2 water
moccasins, a crocodile and a river rat.

Vanquished Creatures
  The ghost of e25 the Cleaver, a journeyman DsGl of Makhleb (Lair:2)
  An ogre mage (D:14)
  Harold (D:10)
  3 hydras
  A centaur warrior (D:14)
  The ghost of Flanowski the Grappler, a journeyman VSTm of Ashenzari (Lair:3)
  The ghost of Flanowski the Grappler, a journeyman VSTm of Ashenzari (D:11)
  Urug (D:11)
  Sonja (Lair:4)
  2 unseen horrors (D:13)
  4 hill giants
  Pikel (D:6)
  3 ugly things
  The ghost of cortexin the Slasher, a novice HEAK of Lugonu (D:6)
  2 manticores
  3 slime creatures (D:11)
  A centaur zombie (D:13)
  A black mamba (Lair:4)
  2 orange demons (D:14)
  A torpor snail (Lair:3)
  A molten gargoyle (Lair:2)
  3 spiny frogs
  A gargoyle (D:14)
  A freezing wraith (D:14)
  2 komodo dragons
  A tengu conjurer (D:13)
  A merfolk (D:14)
  A troll (D:13)
  2 two-headed ogres (D:14)
  A meliai zombie (D:13)
  4 hippogriffs
  11 blink frogs
  A shadow (D:10)
  A vampire (D:9)
  A spriggan (D:14)
  21 yaks
  A fire bat (Lair:4)
  A basilisk (Lair:2)
  3 hungry ghosts
  3 vampire mosquitoes (D:14)
  A mottled dragon (D:11)
  Edmund (D:5)
  3 water moccasins
  A soldier ant (D:12)
  4 porcupines
  6 orc warriors
  A phantom (D:11)
  4 ice beasts
  2 wasps
  9 ogres
  A necrophage (D:14)
  12 centaurs
  9 wolves (Lair:3)
  5 crocodiles
  2 big kobolds
  7 bullfrogs
  2 wyvern zombies
  A water moccasin zombie (D:5)
  A wyvern skeleton (D:13)
  A gnoll sergeant (D:11)
  2 scorpions (D:14)
  7 wights
  18 killer bees
  2 jellies (D:11)
  A vampire bat (D:6)
  2 electric eels
  4 howler monkeys
  5 crimson imps
  2 bullfrog zombies (D:11)
  6 hounds
  6 orc priests
  7 orc wizards
  A gnoll shaman (D:5)
  4 centaur skeletons
  4 iguanas
  A hell rat (D:7)
  9 worker ants
  A howler monkey zombie (D:7)
  8 gnolls
  11 adders
  22 river rats
  7 shadow imps
  2 oozes
  4 worms
  3 leopard geckos
  42 orcs
  3 bats
  4 bat skeletons (D:6)
  2 bat zombies (D:6)
  3 giant cockroaches
  8 goblins
  7 hobgoblins
  15 jackals
  5 quokkas
  A ball python (D:3)
  5 frilled lizards
  2 jackal skeletons
  17 kobolds
  2 leopard gecko skeletons
  A quokka skeleton (D:5)
  30 rats
452 creatures vanquished.

Vanquished Creatures (collateral kills)
  A hydra (D:10)
  A hill giant (D:11)
  A manticore (D:14)
  A two-headed ogre (D:14)
  A yak (Lair:4)
  An orc warrior (D:4)
  An ice beast (D:6)
  A wolf (Lair:3)
  2 scorpions (D:14)
  A gnoll (D:3)
  2 orcs
13 creatures vanquished.

Vanquished Creatures (others)
  A porcupine (Lair:5)
  3 jackals (D:6)
  A fire vortex (Lair:4)
  15 fungi
  5 plants (Lair:3)
25 creatures vanquished.

Grand Total: 490 creatures vanquished

Notes
Turn   | Place    | Note
-------+----------+-------------------------------------------
     0 | D:1      | Flanowski the Vine Stalker Transmuter began the quest for the Orb.
     0 | D:1      | Reached XP level 1. HP: 9/9 MP: 4/4
   137 | D:1      | Reached skill level 1 in Fighting
   190 | D:1      | Reached XP level 2. HP: 14/14 MP: 4/6
   723 | D:1      | Reached XP level 3. HP: 18/18 MP: 5/7
  1430 | D:2      | Found a glowing golden altar of the Shining One.
  1660 | D:2      | Learned a level 2 spell: Sticks to Snakes
  1664 | D:2      | Learned a level 3 spell: Spider Form
  1819 | D:2      | Gained mutation: Your natural rate of healing is unusually fast. [Vine Stalker growth]
  1819 | D:2      | Reached XP level 4. HP: 19/22 MP: 1/8
  2070 | D:3      | Reached skill level 4 in Unarmed Combat
  2146 | D:3      | Found an opulent altar of Gozag.
  2509 | D:3      | Reached XP level 5. HP: 18/26 MP: 1/10
  2843 | D:4      | Noticed an orc warrior
  3040 | D:4      | Found a bloodstained altar of Trog.
  3111 | D:4      | Found Hadomein's Antique Weapon Shoppe.
  3441 | D:4      | Killed an orc warrior
  3441 | D:4      | Reached XP level 6. HP: 27/30 MP: 2/11
  3668 | D:4      | Found a staircase to the Ecumenical Temple.
  3838 | D:4      | Reached XP level 7. HP: 30/35 MP: 9/13
  3863 | D:4      | Learned a level 5 spell: Blade Hands
  3942 | D:4      | Reached skill level 1 in Poison Magic
  4178 | Temple   | Entered the Ecumenical Temple
  4225 | Temple   | Became a worshipper of Ashenzari the Shackled
  4306 | D:5      | Entered Level 5 of the Dungeon
  4330 | D:5      | Noticed Edmund
  4541 | D:5      | Killed Edmund
  4541 | D:5      | Reached skill level 5 in Unarmed Combat
  4606 | D:5      | Reached skill level 5 in Transmutations
  4621 | D:5      | Found a sparkling altar of Nemelex Xobeh.
  4650 | D:5      | Gained mutation: You have razor-sharp teeth. [Vine Stalker growth]
  4650 | D:5      | Reached XP level 8. HP: 20/40 MP: 5/14
  4760 | D:5      | Found a blossoming altar of Fedhas.
  5031 | D:5      | Reached skill level 6 in Unarmed Combat
  5198 | D:6      | Found a sparkling altar of Nemelex Xobeh.
  5201 | D:6      | Found a white marble altar of Elyvilon.
  5490 | D:6      | Got the mace of Winter {venom, rElec rF+ rC- Dex+8}
  5491 | D:6      | Identified the +7 mace of Winter {venom, rElec rF+ rC- Dex+8} (You found it on level 6 of the Dungeon)
  5586 | D:6      | Noticed Pikel
  5607 | D:6      | Killed Pikel
  5607 | D:6      | Reached skill level 7 in Unarmed Combat
  5607 | D:6      | Reached XP level 9. HP: 29/45 MP: 4/17
  5724 | D:6      | Found an ancient bone altar of Kikubaaqudgha.
  5818 | D:6      | Found a deep blue altar of Sif Muna.
  5819 | D:6      | Noticed cortexin's ghost (novice HEAK)
  5833 | D:6      | Killed cortexin's ghost
  5833 | D:6      | Reached skill level 5 in Spellcasting
  5920 | D:7      | Reached * piety under Ashenzari
  5998 | D:7      | Found a glowing silver altar of Zin.
  6061 | D:7      | Found a stormy altar of Qazlal.
  6117 | D:7      | Reached skill level 8 in Unarmed Combat
  6189 | D:7      | Found a sacrificial altar of Ru.
  6840 | D:8      | Found a shimmering altar of Xom.
  7059 | D:8      | Found a hazy altar of Hepliaklqana.
  7181 | D:8      | Found a white marble altar of Elyvilon.
  7553 | D:9      | Reached XP level 10. HP: 25/51 MP: 14/19
  7680 | D:9      | Reached skill level 9 in Unarmed Combat
  7849 | D:9      | Reached ** piety under Ashenzari
  8328 | D:10     | Entered Level 10 of the Dungeon
  8429 | D:10     | Reached skill level 5 in Fighting
  8586 | D:10     | Found a staircase to the Lair.
  8683 | D:10     | Identified the +4 dagger of Reapportionment {speed, Int+3}
  8783 | D:10     | Noticed Harold
  8817 | D:10     | Killed Harold
  8817 | D:10     | Reached skill level 10 in Unarmed Combat
  8975 | D:10     | Noticed a purple ugly thing
  9039 | D:10     | Killed a white ugly thing
  9424 | Lair:1   | Entered Level 1 of the Lair of Beasts
  9424 | Lair:1   | Reached *** piety under Ashenzari
  9424 | Lair:1   | Noticed a five-headed hydra
  9434 | D:10     | Learned a level 6 spell: Hydra Form
  9438 | Lair:1   | HP: 2/66 [five-headed hydra (3)]
  9652 | D:9      | Learned a level 4 spell: Ice Form
  9759 | Lair:1   | Noticed a spiny frog
  9769 | Lair:1   | Killed a spiny frog
  9769 | Lair:1   | Reached XP level 11. HP: 32/56 MP: 14/22
 10397 | Lair:2   | Noticed an eight-headed hydra
 10534 | D:10     | Killed a five-headed hydra
 10658 | D:11     | Found Xeirchese's Antique Weapon Shoppe.
 10783 | D:11     | Noticed a hill giant
 10889 | D:11     | Killed a hill giant
 10991 | D:11     | Noticed Urug
 11002 | D:11     | Killed Urug
 11002 | D:11     | Reached skill level 11 in Unarmed Combat
 11317 | D:11     | Found a staircase to the Orcish Mines.
 11452 | D:11     | Reached **** piety under Ashenzari
 11640 | D:11     | Noticed Flanowski's ghost (journeyman VSTm)
 11667 | D:11     | Killed Flanowski's ghost
 11667 | D:11     | Reached skill level 10 in Transmutations
 11905 | D:11     | Noticed a manticore
 11933 | D:11     | Killed a manticore
 12071 | D:12     | Noticed a hill giant
 12086 | D:12     | Killed a hill giant
 12326 | D:12     | Gained mutation: You heal very quickly. [Vine Stalker growth]
 12326 | D:12     | Reached XP level 12. HP: 61/61 MP: 20/24
 12542 | D:12     | Found Afagas's Magic Scroll Emporium.
 12641 | D:12     | Bought a scroll of acquirement for 832 gold pieces
 13196 | D:13     | Reached skill level 12 in Unarmed Combat
 14116 | D:14     | Noticed a centaur warrior
 14150 | D:14     | Killed a centaur warrior
 14395 | D:14     | Found a gate to the Vaults.
 14398 | D:14     | Noticed an ogre mage
 14421 | D:14     | Killed an ogre mage
 14642 | D:14     | Reached ***** piety under Ashenzari
 14766 | D:14     | Noticed xsansara's ghost (journeyman MiFi)
 14847 | D:14     | Reached XP level 13. HP: 30/67 MP: 12/26
 14998 | D:11     | Reached skill level 1 in Armour
 15107 | Lair:2   | Reduced skill Poison Magic to level 1
 15165 | Lair:2   | Found a basalt altar of Yredelemnul.
 15235 | Lair:2   | Reached skill level 13 in Unarmed Combat
 15249 | Lair:2   | Noticed e25's ghost (journeyman DsGl)
 15263 | Lair:2   | Killed e25's ghost
 16099 | Lair:3   | Noticed Flanowski's ghost (journeyman VSTm)
 16114 | Lair:3   | Killed Flanowski's ghost
 16236 | Lair:3   | Found a staircase to the Swamp.
 16832 | Lair:3   | Reached skill level 5 in Dodging
 17198 | Lair:4   | Noticed Sonja
 17212 | Lair:4   | Killed Sonja
 17386 | Lair:5   | Found a frozen archway.
 17397 | Lair:6   | Entered Level 6 of the Lair of Beasts
 17421 | Lair:6   | Slain by a komodo dragon

Vault maps used:
D:1:      enne_arrival_octagon_isle
D:2:      nicolae_overflow_crystal_walls, small_statue_intersection
D:3:      nicolae_gozag_seed_capital, hangedman_decor_slide_cut
D:4:      lemuel_round_altar, serial_shops, shop, first_bread,
          kennysheep_opposing_triangles
D:5:      old_standard_altar, overflow_temple_1_default,
          minmay_misc_feat_pillars, uniq_edmund
D:6:      kennysheep_vampire_church, lemuel_doored_altar, basic_altar,
          led_sif_pool, uniq_pikel
D:7:      lemuel_ratsnest, zin_treasury, grunt_qazlal_clouds, old_standard_altar
D:8:      xom_butterflies, old_standard_altar, basic_altar
D:10:     lair_0_dummy, uniq_harold
D:11:     orc_david_3, serial_shops, nicolae_shop_behind_doors, uniq_urug
D:12:     serial_shops, nicolae_shop_window_shopping
D:14:     david_vaults_2, hangedman_stone_soup, einodemon_barbed_minivault
Temple:   kb_temple_of_zot
Lair:2:   basic_altar
Lair:3:   swamp_mist_pool, lemuel_fruit_fields
Lair:4:   dummy_spider_entry, serial_bayou_pond_a, uniq_sonja
Lair:5:   nicolae_slime_entry_slimehenge, portal_ice_cave_entry_imps
Lair:6:   minmay_lair_end_frog_pond

Skill      XL: |  1  2  3  4  5  6  7  8  9 10 11 12 13 |
---------------+----------------------------------------+-----
Fighting       | 1 2 3 4 5 6 7 |  7.4
Transmutations | 3 4 5 6 7 8 10 11 12 | 12.3
Unarmed Combat | 4 5 7 8 10 11 12 13 | 13.9
Spellcasting   | 3 4 5 6 7 8 9 |  9.5
Poison Magic   | 1 2 0 |  0.4
Dodging        | 2 3 4 5 |  5.0
Armour         | 3 |  3.9
Ice Magic      | |  0.4

Action                   |  1- 3 |  4- 6 |  7- 9 | 10-12 | 13-15 || total
-------------------------+-------+-------+-------+-------+-------++-------
Melee: Unarmed           |    73 |   113 |   274 |   470 |   248 ||  1178
       Kick              |     6 |     2 |     4 |       |       ||    12
       Bite              |    29 |     9 |    27 |   103 |    59 ||   227
       Headbutt          |     9 |     2 |       |       |       ||    11
       Staff             |    29 |    37 |    65 |    33 |     4 ||   168
       Punch             |     2 |       |     3 |    24 |    10 ||    39
       Mace              |       |       |     7 |       |       ||     7
 Cast: Beastly Appendage |    29 |     4 |     3 |       |       ||    36
       Spider Form       |     2 |    26 |    32 |    17 |     3 ||    80
       Sticks to Snakes  |       |    18 |    15 |    59 |    20 ||   112
       Blade Hands       |       |       |     8 |    56 |    27 ||    91
       Ice Form          |       |       |       |     2 |     4 ||     6
       Hydra Form        |       |       |       |     1 |       ||     1
Invok: Curse Item        |       |       |     5 |     4 |       ||     9
       Scrying           |       |       |       |     1 |       ||     1
       Transfer Knowledg |       |       |       |       |     1 ||     1
 Abil: End Transformatio |       |       |       |     1 |       ||     1
  Use: Scroll            |       |       |     1 |    23 |     6 ||    30
 Stab: Sleeping          |       |     1 |     3 |     4 |     1 ||     9
       Distracted        |       |       |     1 |       |     1 ||     2
  Eat: Chunk             |     4 |     7 |    13 |    29 |     8 ||    61
       Bread ration      |       |     1 |     2 |     3 |     1 ||     7
Armor: Robe              |    18 |     8 |    35 |    67 |    36 ||   164
       Skin              |       |     8 |    19 |     3 |    14 ||    44
Dodge: Dodged            |    71 |   116 |   304 |   408 |   233 ||  1132
